Map: Croisement de Kairos EC

Players

Sorandom - Winner!

  • Race: Zerg Zerg
  • League: Diamond
  • Spawn Location: 5:00

VOD

Have the link to the VOD?

Description

Time

  • Played on: April 3, 2019, 7:11 p.m.
  • Length: 4:39
Show
View Real Time Build Order
Export as new Build Order

Sorandom Zerg - Winner!

Build Orders: Hatch First 

Get SALT Encoding   

  12  0:02  Drone  
  12  0:12  Overlord  
  12  0:20  Drone  
  12  0:30  Drone x2  
  12  0:35  Drone  
  12  0:55  Hatchery  
  12  0:57  Drone  
  12  1:01  Extractor  
  12  1:03  Drone  
  12  1:08  Drone  
  12  1:21  Spawning Pool  
  12  1:28  Drone x2  
  12  1:40  Overlord  
  12  1:51  Drone  
  12  2:02  Drone  
  12  2:07  Queen  
  12  2:08  Queen  
  12  2:15  Zergling x4  
  12  2:18  Metabolic Boost  
  12  2:34  Drone x4  
  12  2:44  Queen  
  12  2:52  Overlord  
  12  2:53  Overlord  
  12  2:58  Drone x2  
  12  3:10  Zergling x2, Queen  
  12  3:20  Lair  
  12  3:29  Drone x6  
  12  3:34  Drone x2  
  12  3:40  Overlord  
  12  3:50  Spine Crawler, Drone  
  12  4:00  Extractor  
  12  4:02  Extractor  
  12  4:04  Roach Warren  
  12  4:07  Spore Crawler  
  12  4:18  Drone x3  
  12  4:20  Drone x3  
Tags
 
Add a new tag
Caveats
  • Supply blocks, unpowered buildings, or Contaminate may cause inaccurate times.
  • Supply counts are checked every 10 seconds.